 Dungeon Crawl Stone Soup version 0.30.1-3-gfc49f6343a (webtiles) character file.

Game seed: 11196868638535053715

63 Heoruswealwe the Trooper (level 3, -5/31 HPs)
             Began as a Demigod Fighter on Aug 8, 2023.
             Slain by a hobgoblin (6 damage)
             ... led by Robin
             ... on level 2 of the Dungeon.
             The game lasted 00:10:30 (1859 turns).

Heoruswealwe the Trooper (Demigod Fighter)          Turns: 1859, Time: 00:10:30

Health: -5/31      AC: 11    Str: 21    XL:     3   Next: 61%
Magic:  5/5        EV:  2    Int: 10    God:
Gold:   70         SH:  4    Dex: 13    Spells: 2/2 levels left

rFire   . . .        a - +0 war axe
rCold   . . .        d - +0 buckler
rNeg    . . .        c - +0 plate armour
rPois   .            (no helmet)
rElec   .            (no cloak)
rCorr   .            (no gloves)
SInv    .            (no boots)
Will    .....        (no amulet) Stlth
                     (no ring)
HPRegen 0.25/turn    (no ring)
MPRegen 0.09/turn

%: no passive effects
@: grasped by roots, constricted
A: high MP 1, forlorn, divine attributes
a: no special abilities


You were on level 2 of the Dungeon.
You visited 1 branch of the dungeon, and saw 2 of its levels.

You collected 70 gold pieces.

Inventory:

Hand Weapons
 a - a +0 war axe (weapon)
Armour
 c - a +0 plate armour (worn)
 d - a +0 buckler (worn)
Scrolls
 e - a scroll of identify {unknown}
 h - a scroll of blinking {unknown}
 k - a scroll of magic mapping {unknown}
Potions
 b - a potion of might
 f - 2 potions of attraction {unknown}
 g - a potion of resistance {unknown}
 i - a potion of heal wounds {unknown}
 j - a potion of degeneration {unknown}
 l - a potion of lignification {unknown}


   Skills:
 + Level 3.2 Fighting
 + Level 2.4 Axes
 + Level 3.1 Armour
 + Level 3.2 Shields


You had 2 spell levels left.
You didn't know any spells.
Your spell library was empty.

Dungeon Overview and Level Annotations

Branches:
Dungeon (2/15)

Annotations:
D:2 Robin


Innate Abilities, Weirdness & Mutations

You have an increased reservoir of magic. (+10% MP)
You shall have no god before yourself.
Your divine heritage dramatically boosts your attributes as you level up.


Message History

Robin is unaffected.
The hobgoblin is unaffected.
The grasping roots constrict you. You block the goblin's attack.
You barely miss the hobgoblin. You hit the hobgoblin.
You barely miss the goblin. The hobgoblin hits you.
The hobgoblin hits you but does no damage.
The grasping roots constrict you. The goblin hits you but does no damage.
The hobgoblin hits you but does no damage.
The goblin hits you but does no damage. The grasping roots constrict you.
You hit Robin but do no damage. You closely miss the hobgoblin.
You hit the hobgoblin.
You kill the hobgoblin!
You barely miss the goblin. You block the goblin's attack.
The hobgoblin hits you but does no damage.
Robin throws the goblin at you! The grasping roots constrict you.
* * * LOW HITPOINT WARNING * * *
A goblin comes into view. It is wielding a +0 dagger.
The grasping roots release their grip on you.
You slash Robin!
Robin is heavily wounded.
You hit the goblin. You barely miss the hobgoblin.
The goblin hits you but does no damage. The hobgoblin hits you.
* * * LOW HITPOINT WARNING * * *
Robin zaps a wand.
The roots erupt in riotous growth!
The grasping roots grab you!
The goblin is unaffected.
Robin is unaffected.
The hobgoblin is unaffected.
The grasping roots constrict you.
* * * LOW HITPOINT WARNING * * *
You hear a shout!
You hit Robin but do no damage.
Robin is heavily wounded.
You barely miss the goblin. You hit the hobgoblin but do no damage.
You hit the goblin.
You kill the goblin!
The goblin hits you but does no damage. Robin hits you with a +0 mace.
* * * LOW HITPOINT WARNING * * *
The grasping roots constrict you.
* * * LOW HITPOINT WARNING * * *
You block the hobgoblin's attack. The goblin hits you but does no damage.
The hobgoblin hits you.
You die...

##.# ##.#.g ..
##.## ##.##..g #.#
##.## #.##.... ..#
#.## ##_##. .. ..
.## ##.#. g##.# ##
##.##.# ...#
#.###.# #..#
##.##.####)†##
###.#.....@g..#
#....##.#gg)..#
#..#.##.#...<.#
#.##....##.#.....#
#.......##.#.....#
#####.#.##.#######
#..|...# ###.####
#.#


You could see Robin, a hobgoblin (strong) and a goblin (strong).

Vanquished Creatures
  An adder (D:2)
  A dart slug (D:1)
  A worm (D:2)
  3 bats
  3 endoplasms
  2 giant cockroaches (D:1)
  6 goblins
  8 hobgoblins
  10 kobolds
  A quokka (D:1)
  6 ball pythons
  3 rats
45 creatures vanquished.

Notes
Turn   | Place    | Note
-------+----------+-------------------------------------------
     0 | D:1      | Heoruswealwe the Demigod Fighter began the quest for the
                  | Orb.
     0 | D:1      | Reached XP level 1. HP: 18/18 MP: 3/3
   324 | D:1      | Reached XP level 2. HP: 23/25 MP: 4/4
  1452 | D:1      | Reached XP level 3. HP: 31/31 MP: 5/5
  1846 | D:2      | Noticed Robin
  1859 | D:2      | HP: 1/31 [constriction (4)]
  1859 | D:2      | Slain by a hobgoblin

Illustrated notes

Levels and vault maps discovered:
D:1:      dpeg_arrival_erosion, layout_basic, serial_forest,
          infiniplex_forest_end_1, infiniplex_forest_corner_2,
          infiniplex_forest_3_way, infiniplex_forest_clump_double
D:2:      layout_loops_cross, chequers_ecumenical_altar_twisty,
          minmay_hedge_maze, chequers_big_river, serial_park_tiny_1,
          uniq_jessica, uniq_robin

Skill      XL: |  1  2 |
---------------+-------+-----
Axes           | 2 |  2.4
Armour         | 3 |  3.1
Shields        | 3 |  3.2
Fighting       | 3 |  3.2

Action                     || total
---------------------------++-------
  Melee: War axe           ||   811
 Armour: Scale mail        ||    46
         Plate armour      ||    24
  Dodge: Dodged            ||    47
  Block: Buckler           ||    25
